 Dungeon Crawl Stone Soup version 0.24.0-123-gd5b16e6ec5 (webtiles) character file.

Game seed: 17924543206048705142, levelgen mode: deterministic

198 Elellon the Chopper (level 5, 0/47 HPs)
             Began as a Hill Orc Fighter on Jan 3, 2020.
             Succumbed to a scorpion's poison
             ... on level 4 of the Dungeon.
             The game lasted 00:04:33 (2741 turns).

Elellon the Chopper (Hill Orc Fighter)              Turns: 2741, Time: 00:04:33

Health: 0/47       AC:  8    Str: 20    XL:     5   Next: 77%
Magic:  5/5        EV:  7    Int:  8    God:
Gold:   137        SH:  9    Dex: 10    Spells: 4/4 levels left

rFire    . . .     SeeInvis .   a - +0 war axe
rCold    . . .     Gourm    .   c - +0 shield
rNeg     . . .     Faith    .   b - +0 scale mail
rPois    .         Spirit   .   e - +0 helmet
rElec    .         Reflect  .   (no cloak)
rCorr    .         Harm     .   (no gloves)
MR       .....                  (no boots)
Stlth    ..........             (no amulet)
HPRegen  0.15/turn              (no ring)
MPRegen  0.09/turn              (no ring)

@: lethally poisoned (0 -> -14)
A: no striking features
a: no special abilities


You were on level 4 of the Dungeon.
You were hungry.

You visited 1 branch of the dungeon, and saw 4 of its levels.

You collected 137 gold pieces.

Inventory:

Hand Weapons
 a - a +0 war axe (weapon)
 s - a +0 mace of protection
Armour
 b - a +0 scale mail (worn)
 c - a +0 shield (worn)
 e - a +0 helmet (worn)
Wands
 t - a wand of disintegration (9)
Scrolls
 g - a scroll of enchant armour {unknown}
 h - 2 scrolls of remove curse {unknown}
 j - 4 scrolls of immolation {unknown}
 k - a scroll of magic mapping {unknown}
 l - 3 scrolls of teleportation {unknown}
 m - a scroll of blinking {unknown}
 r - a scroll of amnesia {unknown}
 u - 6 scrolls of identify {unknown}
Potions
 d - a potion of might
 i - 2 potions of haste {unknown}
 n - a potion of curing {unknown}
 o - 2 potions of brilliance {unknown}
 p - 2 potions of heal wounds {unknown}
 q - 2 potions of agility {unknown}
 v - a potion of degeneration {unknown}
 x - a potion of magic {unknown}
Comestibles
 f - 6 rations


   Skills:
 + Level 4.4 Fighting
 * Level 5.8 Axes
 + Level 4.0 Armour
 + Level 0.2 Dodging
 + Level 0.3 Stealth
 + Level 4.0 Shields


You had 4 spell levels left.
You didn't know any spells.
Your spell library was empty.

Dungeon Overview and Level Annotations

Branches:
Dungeon (4/15)
 Temple: D:4-7

Altars:
Elyvilon
Hepliaklqana
Kikubaaqudgha
Vehumet
Wu Jian


Message History

You feel very sick. You block the hound's attack. x2
You hit the hound.
The hound is moderately wounded.
* * * LOW HITPOINT WARNING * * *
You feel sick. You block the hound's attack. The hound barely misses you.
You barely miss the hound.
The hound is moderately wounded.
* * * LOW HITPOINT WARNING * * *
You feel sick. The hound bites you.
* * * LOW HITPOINT WARNING * * *
You block the hound's attack.
You miss the hound.
The hound is moderately wounded.
* * * LOW HITPOINT WARNING * * *
You feel sick. The hound bites you but does no damage.
You block the hound's attack.
You completely miss the hound.
The hound is moderately wounded.
You die...

#.## #.....#.... #..#
#.....# #. #.#
#..##...#... #.##
##.#...###.. #... ##.....#
#.. #.....##### #..
#.......##.. #.####
#..#.#...##.######....####
...#####........@#.......#
.....# .#......h........
###...# #......#........
.##..... #......#.###.###
..###..####......#.# ..
..# #...........#.# .. ..#
#..........#.# . ..#
#........#.. #.#
###........#..


You could see a hound.

Vanquished Creatures
  Crazy Yiuf (D:2)
  A hound (D:4)
  A worker ant (D:4)
  5 adders
  2 oozes
  4 worms
  A dart slug (D:3)
  A leopard gecko (D:4)
  An orc (D:3)
  4 bats
  A giant cockroach (D:1)
  5 goblins
  3 hobgoblins
  A jackal (D:4)
  3 ball pythons
  7 frilled lizards
  8 kobolds
  A quokka zombie (D:4)
  5 rats
55 creatures vanquished.

Notes
Turn   | Place    | Note
-------+----------+-------------------------------------------
     0 | D:1      | Elellon the Hill Orc Fighter began the quest for the Orb.
     0 | D:1      | Reached XP level 1. HP: 19/19 MP: 1/1
    52 | D:1      | Reached skill level 3 in Axes
   219 | D:1      | Reached XP level 2. HP: 27/27 MP: 2/2
   796 | D:2      | Reached XP level 3. HP: 31/33 MP: 3/3
   934 | D:2      | Reached skill level 4 in Axes
   943 | D:2      | Reached XP level 4. HP: 23/40 MP: 4/4
  1384 | D:2      | Found a runed translucent door.
  1385 | D:2      | Noticed Crazy Yiuf
  1557 | D:2      | Killed Crazy Yiuf
  1946 | D:3      | Reached XP level 5. HP: 45/47 MP: 5/5
  1949 | D:3      | Reached skill level 5 in Axes
  2224 | D:3      | Found a white marble altar of Elyvilon.
  2225 | D:3      | Found an ancient bone altar of Kikubaaqudgha.
  2248 | D:3      | Found a hazy altar of Hepliaklqana.
  2605 | D:4      | Found a radiant altar of Vehumet.
  2668 | D:4      | Found an ornate altar of the Wu Jian Council.
  2740 | D:4      | HP: 2/47 [poisoned by a scorpion]
  2741 | D:4      | Succumbed to a scorpion's poison

Levels and vault maps discovered:
D:1:      erik_arrival_triangle_large, layout_basic
D:2:      layout_basic, first_ration, uniq_crazy_yiuf_cottage
D:3:      layout_basic, gammafunk_temple_overflow_statue,
          nicolae_overflow_hidden_temple
D:4:      minmay_recursive_quarters, layout_cave_pools,
          nicolae_overflow_crystal_walls, lemuel_crystal_altar,
          hangedman_ru_absence

Skill      XL: |  1  2  3  4  5 |
---------------+----------------+-----
Axes           | 3 4 5 |  5.8
Fighting       | 4 |  4.4
Armour         | 4 |  4.0
Shields        | 4 |  4.0
Dodging        | |  0.2
Stealth        | |  0.3

Action                   |  1- 3 |  4- 6 || total
-------------------------+-------+-------++-------
Melee: War axe           |    86 |   109 ||   195
  Eat: Chunk             |       |     2 ||     2
       Ration            |       |     1 ||     1
Armor: Scale mail        |    41 |    59 ||   100
Dodge: Dodged            |    34 |    37 ||    71
Block: Shield            |    44 |    53 ||    97
